[Event "Titled Tuesday Blitz August 08 Late 2023"]
[White "Rodriguez Santiago, Jaime"]
[Black "Bueno, Alfeu Junior Varela"]
[WhiteFideId "3100898"]
[BlackFideId "2108879"]
[WhiteElo "2283"]
[BlackElo "2410"]
[Result "1-0"]
[Round "11"]
[TimeControl "180+1"]
[Date "2023.08.08"]
[WhiteClock "0:00:08"]
[BlackClock "0:00:00"]
[Board "80"]

1. c4 e5 2. Nc3 Nc6 3. g3 f5 4. Bg2 Nf6 5. d3 Bb4 6. Bd2 O-O 7. e3 Bxc3 8. Bxc3 f4 9. gxf4 exf4 10. e4 d6 11. h3 Qe8 12. Nf3 Qg6 13. Rg1 Qh5 14. Qe2 Bd7 15. O-O-O Ne5 16. Bxe5 dxe5 17. Qc2 c5 18. Qc3 Rfe8 19. Bh1 h6 20. a3 Bxh3 21. Nd2 Bg4 22. f3 Bd7 23. Rg2 Re7 24. Rdg1 Rd8 25. Kb1 b6 26. Ka2 Bc6 27. Qc2 Be8 28. Nb1 Red7 29. Rd2 Qf7 30. Nc3 Rd6 31. Nd5 Nxd5 32. cxd5 Rc8 33. Rh2 b5 34. Bg2 a5 35. Bf1 c4 36. dxc4 bxc4 37. Bxc4 Bb5 38. b3 a4 39. Qb2 axb3+ 40. Bxb3 Rb8 41. Qc3 Rdb6 42. Rb2 Qb7 43. d6+ Kf8 44. Qxe5 Bc4 45. Qf5+ Ke8 46. d7+ Kd8 47. Qf8+ Kc7 48. d8=Q+ Rxd8 49. Rxg7+ Rd7 50. Rxd7+ Kxd7 51. Qg7+ Kd6 52. Qd4+ Ke7 53. Qxc4 Rc6 54. Qf7+ Kd6 55. Qxb7 1-0


[Site "https://www.chess.com"]

[Event "Titled Tuesday Blitz August 08 Late 2023"]
[White "Romero Ruscalleda, Josep"]
[Black "Cagara, Paulina"]
[WhiteFideId "2231859"]
[BlackFideId "1124870"]
[WhiteElo "2405"]
[BlackElo "2283"]
[Result "1-0"]
[Round "11"]
[TimeControl "180+1"]
[Date "2023.08.08"]
[WhiteClock "0:01:14"]
[BlackClock "0:00:37"]
[Board "81"]

1. e4 c6 2. Nc3 d5 3. Nf3 Bg4 4. h3 Bxf3 5. Qxf3 e6 6. d4 dxe4 7. Qxe4 Nf6 8. Qd3 Nbd7 9. g3 Qc7 10. Bg2 Bd6 11. O-O O-O-O 12. a4 h5 13. Bg5 Rde8 14. a5 a6 15. Na4 Nd5 16. c4 Nb4 17. Qb3 Qxa5 18. c5 Qb5 19. cxd6 f6 20. Be3 Nd5 21. Qxb5 cxb5 22. Nc5 g5 23. Rfc1 h4 24. Nxe6+ Kb8 25. Bxd5 Nb6 26. Bb3 hxg3 27. fxg3 Rxh3 28. Kg2 Rh7 29. Rc7 Rhh8 30. d5 Na8 31. Re7 Rc8 32. Rc1 Rxc1 33. Bxc1 Nb6 34. Be3 Nc8 35. Rd7 f5 36. Bd4 Re8 37. Be5 f4 38. gxf4 gxf4 39. Bxf4 Rg8+ 40. Kf3 Nb6 41. Rg7 Rc8 42. d7+ 1-0


[Site "https://www.chess.com"]

[Event "Titled Tuesday Blitz August 08 Late 2023"]
[White "Butti, Enrique"]
[Black "chessmateto"]
[WhiteFideId "3700470"]
[WhiteElo "2222"]
[BlackElo "2405"]
[Result "0-1"]
[Round "11"]
[TimeControl "180+1"]
[Date "2023.08.08"]
[WhiteClock "0:01:35"]
[BlackClock "0:01:39"]
[Board "82"]

1. d4 c6 2. c4 d5 3. cxd5 cxd5 4. Nc3 Nc6 5. Bf4 Nf6 6. e3 a6 7. Be2 Bf5 8. Rc1 e6 9. a3 Bd6 10. Bxd6 Qxd6 11. Nf3 O-O 12. O-O b5 13. Nd2 Na5 14. Nb3 Nc4 15. Bxc4 bxc4 16. Nc5 Rab8 17. b4 cxb3 18. Nxb3 Qxa3 19. Nc5 Rb2 20. N3a4 Ra2 21. Rc3 Qb4 22. Rb3 Qa5 23. Rb7 Bc2 0-1


[Site "https://www.chess.com"]

[Event "Titled Tuesday Blitz August 08 Late 2023"]
[White "Mazurkiewicz, Michal"]
[Black "Tqebuchava, Zurab"]
[WhiteFideId "1124943"]
[BlackFideId "13601113"]
[WhiteElo "2395"]
[BlackElo "2270"]
[Result "1-0"]
[Round "11"]
[TimeControl "180+1"]
[Date "2023.08.08"]
[WhiteClock "0:00:44"]
[BlackClock "0:00:00"]
[Board "83"]

1. e4 g6 2. d4 Bg7 3. Nc3 d6 4. f4 c6 5. Nf3 Bg4 6. Be2 Bxf3 7. Bxf3 e5 8. Be3 Nd7 9. O-O exd4 10. Bxd4 Bxd4+ 11. Qxd4 Qb6 12. Rad1 O-O-O 13. Kh1 Qxd4 14. Rxd4 Nc5 15. Rfd1 Kc7 16. Bg4 Ne6 17. Bxe6 fxe6 18. b4 Ne7 19. Ne2 d5 20. Ng3 dxe4 21. Nxe4 Rxd4 22. Rxd4 Rd8 23. Rxd8 Kxd8 24. c4 b6 25. Ng5 Kd7 26. Nxh7 Nf5 27. Nf8+ Kd6 28. Nxg6 Ne3 29. h4 Nxc4 30. h5 Ne3 31. h6 1-0


[Site "https://www.chess.com"]

[Event "Titled Tuesday Blitz August 08 Late 2023"]
[White "Sabar Ethmane Daouda"]
[Black "Gabdushev, Ruslan"]
[WhiteFideId "19600097"]
[BlackFideId "4137833"]
[WhiteElo "2218"]
[BlackElo "2381"]
[Result "0-1"]
[Round "11"]
[TimeControl "180+1"]
[Date "2023.08.08"]
[WhiteClock "0:02:03"]
[BlackClock "0:02:28"]
[Board "84"]

1. b3 b6 2. Bb2 Bb7 3. e3 e6 4. f4 f5 5. Nf3 Nf6 6. Be2 Be7 7. O-O O-O 8. d3 Qe8 9. h3 Qg6 10. Nbd2 a5 11. Ne5 Qxg2# 0-1


[Site "https://www.chess.com"]

[Event "Titled Tuesday Blitz August 08 Late 2023"]
[White "Korpics, Zsolt"]
[Black "Tharushi, T H D Niklesha"]
[WhiteFideId "705241"]
[BlackFideId "9918264"]
[WhiteElo "2376"]
[BlackElo "2143"]
[Result "0-1"]
[Round "11"]
[TimeControl "180+1"]
[Date "2023.08.08"]
[WhiteClock "0:00:00"]
[BlackClock "0:01:18"]
[Board "85"]

1. e4 c5 2. Nf3 d6 3. Nc3 Nc6 4. d4 cxd4 5. Nxd4 Nf6 6. Bg5 e5 7. Ndb5 a6 8. Na3 b5 9. Nd5 Be7 10. Bxf6 gxf6 11. c4 b4 12. Nc2 a5 13. g3 f5 14. Bg2 fxe4 15. Bxe4 Bb7 16. Qf3 Rc8 17. Rd1 a4 18. c5 b3 19. axb3 axb3 20. Qxb3 Qa5+ 21. Kf1 Ba6+ 22. Kg2 Qxc5 23. Ra1 Rb8 24. Qc3 Bc4 25. Ra4 Bxd5 26. Bxd5 Qxd5+ 27. f3 Kd7 28. Ne3 Qb5 29. Ra2 Nd4 30. Rd1 Qe2+ 0-1


[Site "https://www.chess.com"]

[Event "Titled Tuesday Blitz August 08 Late 2023"]
[White "Orlov, Georgi"]
[Black "laskakid"]
[WhiteFideId "2011271"]
[WhiteElo "2534"]
[BlackElo "2136"]
[Result "1-0"]
[Round "11"]
[TimeControl "180+1"]
[Date "2023.08.08"]
[WhiteClock "0:00:32"]
[BlackClock "0:00:03"]
[Board "86"]

1. d4 d5 2. Nf3 Nf6 3. c4 c6 4. Nc3 dxc4 5. a4 Bf5 6. e3 e6 7. Bxc4 Bb4 8. O-O O-O 9. Qe2 Bg6 10. Ne5 Nbd7 11. Nxg6 hxg6 12. Rd1 Qc7 13. f4 c5 14. d5 Bxc3 15. dxe6 Bb4 16. exd7 Nxd7 17. e4 Nb6 18. e5 Nxc4 19. Qxc4 Rad8 20. Be3 Rxd1+ 21. Rxd1 Rd8 22. Rd5 b6 23. Qd3 Rxd5 24. Qxd5 c4 25. e6 fxe6 26. Qxe6+ Kh7 27. f5 gxf5 28. Qxf5+ Kg8 29. Qd5+ Qf7 30. Qe4 Ba5 31. Bd4 Bb4 32. Qe5 Bf8 33. h4 Qg6 34. h5 Qd3 35. Kh2 Qd1 36. h6 gxh6 37. Qe6+ Kh7 38. Qf7+ 1-0


[Site "https://www.chess.com"]

[Event "Titled Tuesday Blitz August 08 Late 2023"]
[White "GAO"]
[Black "Kostiukov, Alexandr"]
[BlackFideId "14108100"]
[WhiteElo "2290"]
[BlackElo "2360"]
[Result "1-0"]
[Round "11"]
[TimeControl "180+1"]
[Date "2023.08.08"]
[WhiteClock "0:01:50"]
[BlackClock "0:00:18"]
[Board "87"]

1. a3 Nf6 2. Nf3 g6 3. b4 Bg7 4. Bb2 O-O 5. e3 d5 6. d4 c6 7. c4 dxc4 8. Bxc4 Bg4 9. Nbd2 b6 10. h3 Bc8 11. Rc1 Ba6 12. Bxa6 Nxa6 13. Rxc6 Rc8 14. Rxc8 Qxc8 15. O-O Qd7 16. Qe2 Rc8 17. Qxa6 h5 18. Ne5 Qe8 19. Rc1 Rxc1+ 20. Bxc1 Qd8 21. Qc4 e6 22. a4 Nd5 23. Ne4 Qh4 24. Nd6 Kh7 25. Ndxf7 Qe4 26. Qd3 1-0


[Site "https://www.chess.com"]

[Event "Titled Tuesday Blitz August 08 Late 2023"]
[White "Rabiega, Robert"]
[Black "Merino Garcia, Rafael II"]
[WhiteFideId "4601475"]
[BlackFideId "2209128"]
[WhiteElo "2351"]
[BlackElo "2265"]
[Result "0-1"]
[Round "11"]
[TimeControl "180+1"]
[Date "2023.08.08"]
[WhiteClock "0:00:07"]
[BlackClock "0:00:08"]
[Board "88"]

1. e4 d6 2. d4 Nd7 3. Nc3 g6 4. Nf3 Bg7 5. Bc4 e6 6. O-O a6 7. a4 Ne7 8. Qe2 b6 9. h3 Bb7 10. Re1 h6 11. Bf4 O-O 12. Rad1 Nf6 13. e5 Nfd5 14. Nxd5 Nxd5 15. Bg3 Qd7 16. Bb3 b5 17. axb5 axb5 18. c3 Nb6 19. Nd2 d5 20. h4 Nc4 21. Nf3 Na5 22. Bc2 Nc4 23. Bb1 b4 24. h5 bxc3 25. hxg6 cxb2 26. gxf7+ Rxf7 27. Qd3 Bf8 28. Nh4 Ra3 29. Qg6+ Rg7 30. Qf6 Qf7 31. Bf4 Be7 32. Qxf7+ Rxf7 33. Ng6 Bg5 34. Bxg5 hxg5 35. g3 Ra1 36. Kg2 Kg7 37. Rh1 Rxb1 38. Rxb1 Kxg6 39. Rh3 Bc6 40. g4 Ba4 41. Rbh1 Bc2 42. Rh8 Kg7 43. R8h5 Be4+ 44. f3 Bxf3+ 45. Kg3 Bxh1 46. Rxg5+ Kf8 47. Rh5 0-1


[Site "https://www.chess.com"]

[Event "Titled Tuesday Blitz August 08 Late 2023"]
[White "Cmorales2001"]
[Black "Kohler, Aran"]
[BlackFideId "1002856"]
[WhiteElo "2342"]
[BlackElo "2263"]
[Result "1-0"]
[Round "11"]
[TimeControl "180+1"]
[Date "2023.08.08"]
[WhiteClock "0:00:56"]
[BlackClock "0:00:00"]
[Board "89"]

1. e4 g6 2. d4 Bg7 3. Be3 d6 4. Nc3 a6 5. f3 e6 6. Qd2 h6 7. h4 Ne7 8. h5 g5 9. Nge2 Nd7 10. O-O-O b5 11. Kb1 Bb7 12. Nc1 f5 13. g4 b4 14. N3e2 fxg4 15. fxg4 Bxe4 16. Rg1 Nd5 17. Ng3 Bh7 18. Bd3 O-O 19. Bxh7+ Kxh7 20. Ne4 Rb8 21. Bxg5 N7f6 22. Nxf6+ Nxf6 23. Bh4 Qd7 24. Qd3+ Kh8 25. g5 hxg5 26. Bxg5 Rf7 27. Rdf1 Nd5 28. h6 Bf8 29. Qg6 Nc3+ 30. bxc3 bxc3+ 31. Nb3 Rf5 32. Rxf5 1-0


[Site "https://www.chess.com"]

[Event "Titled Tuesday Blitz August 08 Late 2023"]
[White "Clawitter, Craig"]
[Black "ciroreva-CB"]
[WhiteFideId "2023105"]
[WhiteElo "2213"]
[BlackElo "2327"]
[Result "1-0"]
[Round "11"]
[TimeControl "180+1"]
[Date "2023.08.08"]
[WhiteClock "0:00:11"]
[BlackClock "0:00:09"]
[Board "90"]

1. e4 c5 2. Nf3 e6 3. d4 cxd4 4. Nxd4 Nc6 5. Nc3 Qc7 6. Be3 a6 7. Qd2 Nf6 8. O-O-O b5 9. f3 b4 10. Nce2 d5 11. Nxc6 Qxc6 12. e5 Nd7 13. f4 Nc5 14. Nd4 Qc7 15. Bd3 Bd7 16. Kb1 a5 17. f5 Be7 18. fxe6 fxe6 19. Rhf1 O-O-O 20. Rf7 Bf8 21. Nb5 Qb8 22. Nd6+ Bxd6 23. exd6 Qxd6 24. Rxg7 Nxd3 25. Qxd3 Kb7 26. Qb5+ Kc8 27. Qxa5 Bc6 28. Qa7 Rd7 29. Rxd7 Qxd7 30. Qc5 Rf8 31. Qxf8+ Kb7 32. Qxb4+ Kc8 33. Qc5 Kb7 34. b4 e5 35. Qb6+ Kc8 36. Bc5 d4 37. a4 Bxa4 38. Qa6+ Kd8 39. Qd6 e4 40. Qxd7+ Kxd7 41. Rxd4+ Kc6 42. Rxe4 Kd5 43. Re7 Kc6 44. Rxh7 Bb5 45. Rh6+ Kd5 46. Rb6 Bc4 47. g4 Ke4 48. g5 Kf5 49. g6 Kg4 50. g7 Kh3 51. Rb8 Kxh2 52. g8=Q Bxg8 53. Rxg8 Kh3 54. b5 Kh2 55. b6 Kh3 56. b7 Kh2 57. b8=Q+ Kh1 58. Qb7+ Kh2 59. Qg2# 1-0


[Site "https://www.chess.com"]

[Event "Titled Tuesday Blitz August 08 Late 2023"]
[White "Gerbelli Neto, Eduardo"]
[Black "Osiecki, Stanislaw"]
[WhiteFideId "2103281"]
[BlackFideId "1102990"]
[WhiteElo "2320"]
[BlackElo "2032"]
[Result "1-0"]
[Round "11"]
[TimeControl "180+1"]
[Date "2023.08.08"]
[WhiteClock "0:02:06"]
[BlackClock "0:00:36"]
[Board "91"]

1. e4 e6 2. d4 d5 3. Nc3 Bb4 4. Ne2 dxe4 5. a3 Be7 6. Nxe4 Nd7 7. N2c3 Ngf6 8. Bd3 Nxe4 9. Bxe4 Nf6 10. Bf3 O-O 11. O-O c5 12. dxc5 Bxc5 13. Qxd8 Rxd8 14. Bg5 Be7 15. Rad1 Rxd1 16. Rxd1 a6 17. b4 Kf8 18. Ne4 Nxe4 19. Bxe7+ Kxe7 20. Bxe4 f5 21. Bf3 e5 22. Bd5 Kf6 23. f3 Rb8 24. c4 Be6 25. Bxe6 Kxe6 26. c5 b6 27. Rd6+ Ke7 28. Rxb6 Ra8 29. a4 a5 30. b5 Rd8 31. Rb7+ Kf6 32. c6 e4 33. fxe4 fxe4 34. Kf2 Rd3 35. c7 Rc3 36. Rb6+ Ke7 37. Rc6 Rxc6 38. bxc6 1-0


[Site "https://www.chess.com"]

[Event "Titled Tuesday Blitz August 08 Late 2023"]
[White "Liu, Casper"]
[Black "Steindl, Johannes"]
[WhiteFideId "1454153"]
[BlackFideId "1643266"]
[WhiteElo "2436"]
[BlackElo "2232"]
[Result "0-1"]
[Round "11"]
[TimeControl "180+1"]
[Date "2023.08.08"]
[WhiteClock "0:00:01"]
[BlackClock "0:00:38"]
[Board "92"]

1. d4 Nf6 2. Bf4 d5 3. e3 c5 4. Nf3 Nc6 5. Nbd2 e6 6. c3 Bd6 7. Bg3 O-O 8. Bd3 b6 9. Qe2 Bb7 10. Rd1 Rc8 11. e4 Be7 12. e5 Nd7 13. h4 g6 14. Bf4 cxd4 15. cxd4 Nb4 16. Ng5 Kg7 17. Bb1 Ba6 18. Qg4 h5 19. Nxe6+ Kg8 20. Qg3 Qe8 21. Nxf8 Nxf8 22. Nf3 Qb5 23. Ng1 Nc2+ 24. Bxc2 Bb4+ 25. Qc3 Rxc3 26. bxc3 Bxc3+ 27. Bd2 Qf1# 0-1


[Site "https://www.chess.com"]

[Event "Titled Tuesday Blitz August 08 Late 2023"]
[White "Powell, Paul"]
[Black "Skaric, Djuro"]
[WhiteFideId "2005840"]
[BlackFideId "934569"]
[WhiteElo "2179"]
[BlackElo "2311"]
[Result "0-1"]
[Round "11"]
[TimeControl "180+1"]
[Date "2023.08.08"]
[WhiteClock "0:00:00"]
[BlackClock "0:01:46"]
[Board "93"]

1. d4 g6 2. Nf3 Bg7 3. Bf4 d6 4. e3 Nf6 5. Be2 O-O 6. O-O Nc6 7. c4 h6 8. h3 Nd7 9. Bh2 e5 10. Nc3 f5 11. Rc1 g5 12. a3 f4 13. b4 Kh8 14. Nd5 e4 15. Nd2 f3 16. gxf3 exf3 17. Bxf3 Nb6 18. Bg2 Ne7 19. Nxc7 Qxc7 20. c5 Qd8 21. cxb6 axb6 22. Nc4 Nf5 23. e4 Nh4 24. Nxd6 Nxg2 25. Kxg2 g4 26. Nxc8 gxh3+ 27. Kh1 Rxc8 28. Rxc8 Qxc8 29. Qh5 Qc3 30. f3 Qxa3 31. Qxh3 Qxb4 32. d5 Qc4 0-1


[Site "https://www.chess.com"]

[Event "Titled Tuesday Blitz August 08 Late 2023"]
[White "Oliveira, Tiago Batista"]
[Black "Shapiro, Daniel"]
[WhiteFideId "2108291"]
[BlackFideId "2001780"]
[WhiteElo "2175"]
[BlackElo "2306"]
[Result "0-1"]
[Round "11"]
[TimeControl "180+1"]
[Date "2023.08.08"]
[WhiteClock "0:00:00"]
[BlackClock "0:00:22"]
[Board "94"]

1. d4 Nf6 2. c4 e6 3. g3 d5 4. Nf3 Bb4+ 5. Bd2 Be7 6. Bg2 c6 7. O-O O-O 8. Qc2 b6 9. Rd1 Nbd7 10. Bf4 Bb7 11. Nbd2 Rc8 12. e4 c5 13. exd5 exd5 14. dxc5 Bxc5 15. Qf5 dxc4 16. Nf1 Be4 17. Qh3 Bd3 18. b3 b5 19. a4 a6 20. axb5 axb5 21. bxc4 bxc4 22. Ne5 Nxe5 23. Bxe5 Bd4 24. Bxd4 Qxd4 25. Ne3 g6 26. Ra4 Rfd8 27. Bf1 Qc5 28. Qh4 Kg7 29. Ra6 Rd6 30. Rxd6 Qxd6 31. Qg5 h6 32. Qh4 g5 33. Qh3 Qe5 34. Ng4 Nxg4 35. Qxg4 Rd8 0-1


[Site "https://www.chess.com"]

[Event "Titled Tuesday Blitz August 08 Late 2023"]
[White "Cooper, Aaron"]
[Black "Osmonbekov, Talaibek"]
[WhiteFideId "2634945"]
[BlackFideId "2017253"]
[WhiteElo "2280"]
[BlackElo "2168"]
[Result "0-1"]
[Round "11"]
[TimeControl "180+1"]
[Date "2023.08.08"]
[WhiteClock "0:00:00"]
[BlackClock "0:00:08"]
[Board "95"]

1. e4 c5 2. Nf3 d6 3. d4 cxd4 4. Nxd4 Nf6 5. Nc3 g6 6. Be2 Bg7 7. O-O O-O 8. Be3 Nc6 9. f4 Qb6 10. Na4 Qa5 11. Nxc6 bxc6 12. Nc3 Rb8 13. Bd4 Rxb2 14. Nd5 cxd5 15. Bxb2 Qb6+ 16. Bd4 Qa5 17. e5 dxe5 18. fxe5 Ne4 19. Bf3 Bf5 20. Re1 Rd8 21. g4 Be6 22. Qd3 Ng5 23. Be2 Qa4 24. c3 Rc8 25. Rab1 Ne4 26. Rb7 a5 27. Bf3 Qxa2 28. Bxe4 dxe4 29. Qe3 a4 30. Rxe7 a3 31. Ra7 Qb2 0-1


[Site "https://www.chess.com"]

[Event "Titled Tuesday Blitz August 08 Late 2023"]
[White "Novikova, Margarita"]
[Black "Fernandez Madrid, Carlos"]
[WhiteFideId "14109689"]
[BlackFideId "2206030"]
[WhiteElo "2146"]
[BlackElo "2247"]
[Result "0-1"]
[Round "11"]
[TimeControl "180+1"]
[Date "2023.08.08"]
[WhiteClock "0:00:14"]
[BlackClock "0:00:40"]
[Board "96"]

1. e4 g6 2. Nc3 Bg7 3. d4 d6 4. Nf3 a6 5. Be3 b5 6. a3 Bb7 7. Be2 Nd7 8. O-O Ngf6 9. e5 Ng4 10. exd6 cxd6 11. Bf4 O-O 12. h3 Ngf6 13. Re1 Rc8 14. Bd3 Re8 15. Ne4 Qc7 16. c3 e5 17. Bg3 Nxe4 18. Bxe4 d5 19. Bd3 f5 20. dxe5 Nxe5 21. Kh1 Nxd3 22. Rxe8+ Rxe8 23. Bxc7 Nxf2+ 24. Kg1 Nxd1 25. Rxd1 Re2 26. Rd2 Rxd2 27. Nxd2 d4 28. c4 d3 29. b3 Bh6 30. Ba5 Kf7 31. Kf2 Ke6 32. cxb5 axb5 33. Ke1 Bxg2 34. a4 bxa4 35. bxa4 Bxh3 36. Bb6 Bg2 37. a5 Bb7 38. Nb3 Kd5 39. Nc5 d2+ 40. Kd1 Ba8 41. Nb3 Ke4 42. Nxd2+ Bxd2 43. Kxd2 Kf3 44. Bd8 Bb7 45. Bg5 h5 46. Kd3 Ba6+ 47. Kd4 Kg4 48. Be3 h4 49. Ke5 h3 50. Bg1 f4 51. Ke4 Kg3 52. Ke5 f3 53. Be3 f2 54. Bf4+ Kg2 0-1


[Site "https://www.chess.com"]

[Event "Titled Tuesday Blitz August 08 Late 2023"]
[White "dorpato"]
[Black "De Souza, Cristiano Gomes"]
[BlackFideId "2151758"]
[WhiteElo "2070"]
[BlackElo "2238"]
[Result "0-1"]
[Round "11"]
[TimeControl "180+1"]
[Date "2023.08.08"]
[WhiteClock "0:00:09"]
[BlackClock "0:00:50"]
[Board "97"]

1. e4 c5 2. Nc3 d6 3. g3 Nc6 4. Bg2 g6 5. d3 Bg7 6. Be3 e6 7. Qd2 h6 8. Nge2 Nge7 9. O-O Nd4 10. Nd1 Nec6 11. c3 Nxe2+ 12. Qxe2 O-O 13. Qd2 Kh7 14. f4 Rb8 15. Nf2 Qe7 16. h3 Bd7 17. Kh2 f5 18. Rad1 b6 19. g4 e5 20. fxe5 Bxe5+ 21. Kh1 fxg4 22. Bxh6 gxh3 23. Nxh3 Qh4 24. Bg5 Qg3 25. Bf4 Bxf4 26. Rxf4 Bxh3 27. Rxf8 Bxg2+ 28. Qxg2 Qxg2+ 29. Kxg2 Rxf8 30. d4 cxd4 31. cxd4 Kg7 32. d5 Ne5 33. Rc1 Rf7 34. Kg3 Kf6 35. Rf1+ Ke7 36. Rc1 Kd7 37. Rc3 g5 38. Ra3 a5 39. Rb3 Kc7 40. Rb5 Rf3+ 41. Kg2 Re3 42. b4 Rxe4 43. bxa5 bxa5 44. Rxa5 Nc4 45. Ra7+ Kb6 46. Rg7 g4 47. Kg3 Kc5 48. a4 Kxd5 49. Rxg4 Rxg4+ 50. Kxg4 Na5 51. Kf3 Kc4 52. Ke2 Kc3 53. Kd1 d5 54. Kc1 d4 55. Kd1 d3 56. Kc1 d2+ 57. Kd1 Nb3 58. a5 Nxa5 59. Ke2 Kc2 0-1


[Site "https://www.chess.com"]

[Event "Titled Tuesday Blitz August 08 Late 2023"]
[White "Sarkar, Justin"]
[Black "Maluco_do_Natal_00"]
[WhiteFideId "2010011"]
[WhiteElo "2224"]
[BlackElo "2097"]
[Result "1-0"]
[Round "11"]
[TimeControl "180+1"]
[Date "2023.08.08"]
[WhiteClock "0:00:03"]
[BlackClock "0:00:00"]
[Board "98"]

1. d4 d5 2. c4 c6 3. Nf3 Nf6 4. Nc3 dxc4 5. a4 Bf5 6. e3 e6 7. Bxc4 Bb4 8. O-O Nbd7 9. Qe2 Ne4 10. Nxe4 Bxe4 11. Bd2 Qe7 12. Bxb4 Qxb4 13. Nd2 Bg6 14. b3 Nb6 15. a5 Nd5 16. e4 Nc3 17. Qe3 Rd8 18. Rfc1 Nb5 19. d5 O-O 20. Ra4 Qe7 21. dxc6 bxc6 22. Nf3 a6 23. h3 e5 24. Bf1 Rd7 25. Rxc6 Rd1 26. Rc1 Rfd8 27. Raa1 Rxc1 28. Rxc1 Bh5 29. Qc5 Qxc5 30. Rxc5 Bxf3 31. gxf3 Nd4 32. Kg2 h5 33. Rxe5 Nxb3 34. Bxa6 Ra8 35. Bc4 Nxa5 36. Bd5 Ra7 37. Rxh5 g6 38. Rg5 Kg7 39. h4 Nb7 40. Bxb7 Rxb7 41. f4 Rb4 42. f3 Rb2+ 43. Kg3 f6 44. Rd5 Rb1 45. h5 Kh6 46. hxg6 Kxg6 47. f5+ Kg5 48. f4+ Kh6 49. Rd6 Kg7 50. e5 fxe5 51. fxe5 Rb4 52. Kf3 Kf7 53. Rd7+ Ke8 54. e6 Rc4 55. f6 Rc8 56. f7+ Kf8 57. Kf4 Rc4+ 58. Ke5 Re4+ 59. Kxe4 1-0


[Site "https://www.chess.com"]

[Event "Titled Tuesday Blitz August 08 Late 2023"]
[White "Hirneise, Jens"]
[Black "Castro Silva, Moises Antonio"]
[WhiteFideId "24614734"]
[BlackFideId "3909794"]
[WhiteElo "2496"]
[BlackElo "2389"]
[Result "1-0"]
[Round "11"]
[TimeControl "180+1"]
[Date "2023.08.08"]
[WhiteClock "0:00:35"]
[BlackClock "0:00:06"]
[Board "99"]

1. Nf3 c5 2. c4 Nc6 3. Nc3 g6 4. d3 Bg7 5. Qd2 e6 6. b3 Nge7 7. Bb2 d6 8. Ne4 e5 9. h4 h6 10. Nc3 f5 11. e3 Be6 12. d4 exd4 13. exd4 Nxd4 14. Nxd4 Bxd4 15. Nb5 Bxb2 16. Qxb2 O-O 17. O-O-O Nc8 18. Qd2 Qf6 19. Kb1 f4 20. Bd3 Bf5 21. Nc3 Ne7 22. h5 g5 23. Qc2 Rad8 24. Bxf5 Qxf5 25. Rd3 Nc6 26. Nd5 Ne5 27. Ne7+ 1-0


[Site "https://www.chess.com"]

[Event "Titled Tuesday Blitz August 08 Late 2023"]
[White "Garmendiarov"]
[Black "Semenova, Alina"]
[BlackFideId "24113875"]
[WhiteElo "2293"]
[BlackElo "2072"]
[Result "1-0"]
[Round "11"]
[TimeControl "180+1"]
[Date "2023.08.08"]
[WhiteClock "0:01:46"]
[BlackClock "0:00:00"]
[Board "100"]

1. e4 e5 2. Nf3 Nf6 3. Nxe5 d6 4. Nf3 Nxe4 5. d4 d5 6. Bd3 Bd6 7. c4 c6 8. Nc3 Nxc3 9. bxc3 O-O 10. O-O Bg4 11. h3 Bh5 12. Re1 Nd7 13. Rb1 dxc4 14. Bxc4 Nb6 15. Bd3 Qf6 16. g4 Bg6 17. Bg5 Bxd3 18. Bxf6 Bxb1 19. Qxb1 gxf6 20. Qf5 Rfe8 21. Rxe8+ Rxe8 22. Qxf6 Bf8 23. Ng5 Re1+ 24. Kg2 Bg7 25. Qxf7+ Kh8 26. Qh5 h6 27. Nf7+ Kh7 28. g5 Nd5 29. g6+ Kg8 30. Nxh6+ Bxh6 31. Qxh6 Nf6 32. Qg5 Kg7 33. h4 Re4 34. f3 Re2+ 35. Kg3 Re1 36. Kf2 Rh1 37. Kg2 Rd1 38. h5 Re1 39. h6+ Kg8 40. Qxf6 Re8 41. Qf7+ 1-0


[Site "https://www.chess.com"]

[Event "Titled Tuesday Blitz August 08 Late 2023"]
[White "rionelG"]
[Black "Gyulamiryan-koryun"]
[WhiteElo "2293"]
[BlackElo "2033"]
[Result "1-0"]
[Round "11"]
[TimeControl "180+1"]
[Date "2023.08.08"]
[WhiteClock "0:00:09"]
[BlackClock "0:00:20"]
[Board "101"]

1. e4 e5 2. Nf3 Nc6 3. d4 exd4 4. Nxd4 Bc5 5. Nxc6 Qf6 6. Qf3 dxc6 7. Nc3 Be6 8. Be3 Bb4 9. Qxf6 Nxf6 10. f3 O-O-O 11. a3 Bxc3+ 12. bxc3 b6 13. Ba6+ Kb8 14. a4 Nd7 15. Ke2 f5 16. Bd3 g6 17. exf5 Bxf5 18. g4 Be6 19. Rhd1 Ne5 20. Be4 Bc4+ 21. Kf2 Rde8 22. Bd4 Rhf8 23. Bxe5 Rxe5 24. Bxc6 h5 25. h3 Re2+ 26. Kg3 Rxc2 27. Rac1 Re2 28. Re1 g5 29. Rxe2 Bxe2 30. gxh5 a6 31. Re1 Bc4 32. Re5 Rg8 33. h6 b5 34. axb5 Bxb5 35. Be4 c6 36. h7 Rh8 37. Rxg5 Bc4 38. Rg7 Bd5 39. Kf4 Rf8+ 40. Ke5 Bxe4 41. fxe4 Re8+ 42. Kd4 Rd8+ 43. Kc5 a5 44. Rg8 Kc8 45. Rxd8+ Kxd8 46. h8=Q+ Ke7 47. Qh6 Kd7 48. Qf6 a4 49. Qf7+ Kd8 50. Kxc6 a3 51. Qf8# 1-0


[Site "https://www.chess.com"]

[Event "Titled Tuesday Blitz August 08 Late 2023"]
[White "Biliy, Vadim"]
[Black "Upper, John"]
[WhiteFideId "14114127"]
[BlackFideId "2606437"]
[WhiteElo "2198"]
[BlackElo "1946"]
[Result "1-0"]
[Round "11"]
[TimeControl "180+1"]
[Date "2023.08.08"]
[WhiteClock "0:00:31"]
[BlackClock "0:00:00"]
[Board "102"]

1. d4 Nf6 2. Nf3 e6 3. e3 c5 4. Be2 Nc6 5. O-O b6 6. c4 cxd4 7. Nxd4 Bb7 8. b3 Be7 9. Bb2 O-O 10. Nc3 Rc8 11. Rc1 Nxd4 12. Qxd4 a6 13. g4 d6 14. g5 Nd7 15. f4 e5 16. Qd1 Bxg5 17. Qxd6 exf4 18. exf4 Be7 19. Qd1 Bc5+ 20. Rf2 Bxf2+ 21. Kxf2 Qh4+ 22. Kg1 Nf6 23. Bf3 Rcd8 24. Qf1 Ng4 25. Rc2 Ne3 26. Qf2 Qxf2+ 27. Rxf2 Bxf3 28. Rxf3 Nd1 29. Ba3 Rfe8 30. Nd5 Re1+ 31. Kg2 1-0


[Site "https://www.chess.com"]

[Event "Titled Tuesday Blitz August 08 Late 2023"]
[White "Petersson, Kjell"]
[Black "Vargas, Mauricio"]
[WhiteFideId "1705148"]
[BlackFideId "4404572"]
[WhiteElo "2179"]
[BlackElo "1888"]
[Result "1-0"]
[Round "11"]
[TimeControl "180+1"]
[Date "2023.08.08"]
[WhiteClock "0:01:16"]
[BlackClock "0:01:27"]
[Board "103"]

1. d4 d5 2. Bf4 h5 3. Nf3 Bg4 4. Nbd2 Nd7 5. h3 Bxf3 6. Nxf3 e6 7. e3 Ngf6 8. Bd3 Bd6 9. Bxd6 cxd6 10. c3 g6 11. Qb3 b6 12. Qc2 O-O 13. g4 h4 14. Nxh4 Ne4 15. Bxe4 Qxh4 16. Bd3 e5 17. Bb5 Nf6 18. O-O-O Qxf2 19. Qxf2 1-0


[Site "https://www.chess.com"]

[Event "Titled Tuesday Blitz August 08 Late 2023"]
[White "Scott-fox21"]
[Black "Thiel, Thomas"]
[BlackFideId "4615964"]
[WhiteElo "2369"]
[BlackElo "2171"]
[Result "1-0"]
[Round "11"]
[TimeControl "180+1"]
[Date "2023.08.08"]
[WhiteClock "0:01:24"]
[BlackClock "0:00:00"]
[Board "104"]

1. d4 d5 2. c4 dxc4 3. e3 e5 4. Bxc4 Nc6 5. d5 Nce7 6. e4 Nf6 7. Nc3 Ng6 8. Nf3 Bd6 9. h4 Bg4 10. Qb3 Bxf3 11. gxf3 Nh5 12. Qxb7 O-O 13. Bg5 f6 14. Be3 Ngf4 15. O-O-O a5 16. Nb5 Rb8 17. Qa6 Ra8 18. Qc6 a4 19. a3 Kh8 20. Bc5 Bxc5 21. Qxc5 Rc8 22. Na7 Ra8 23. Nc6 Qd6 24. Qxd6 cxd6 25. Kb1 f5 26. Ne7 fxe4 27. fxe4 Rf6 28. Nf5 g6 29. Ng3 Raf8 30. Rh2 Kg7 31. Nxh5+ Nxh5 32. Rd2 Rf4 33. Bd3 Nf6 34. Re2 1-0


[Site "https://www.chess.com"]